 Dungeon Crawl Stone Soup version 0.13-a0-2116-g5cefd36 (webtiles) character file.

262676 Czerbonog the Tortoise (level 19, -7/146 HPs)
             Began as a Demonspawn Gladiator on June 23, 2013.
             Was a High Priest of Okawaru.
             Mangled by a water elemental (8 damage)
             ... summoned by Ilsuiw
             ... on Level 5 of the Shoals on June 27, 2013.
             The game lasted 05:15:37 (52986 turns).

Czerbonog the Tortoise (Demonspawn Gladiator)      Turns: 52986, Time: 05:15:37

HP  -7/146       AC 30     Str 34      XL: 19   Next: 74%
MP  34/34        EV 18     Int 11      God: Okawaru [*****.]
Gold 2852        SH 28     Dex 18      Spells:  1 memorised, 36 levels left

Res.Fire  : . . .   See Invis. : +   j - +7,+4 demon trident "Chofizio" {venom, rC+ Res.Cold : + + . Warding : + G - +4 plate armour of Phaob {rElec rPois Str+ Life Prot.: + + + Conserve : . O - +0 shield {reflect}
Res.Poison: +       Res.Corr.  : .   (helmet unavailable)
Res.Elec. : +       Clarity    : .   (no cloak)
Sust.Abil.: . .     Spirit.Shd : .   d - +2 pair of gauntlets {Str+3}
Res.Mut.  : .       Stasis     : .   t - +0 pair of boots
Res.Rott. : .       Flight     : .   Y - amulet of warding
Saprovore : . . .                    g - ring of the Country {EV+1 Str+3}
                                     r - +7,+7 ring of slaying

@: exhausted, mighty, studying Axes, slowed, very slow, somewhat resistant to
hostile enchantments, extremely unstealthy
A: antennae 3, cold resistance 1, deformed body, life protection 2, nightstalker
2, powered by death 2, AC +8, Int +2
a: Heroism, Finesse, Renounce Religion
}: 2/15 runes: barnacled, gossamer


You were on level 5 of the Shoals.
You worshipped Okawaru.
Okawaru was exalted by your worship.
You were not hungry.

You visited 6 branches of the dungeon, and saw 43 of its levels.
You visited the Abyss 1 time.
You also visited: Labyrinth, Ossuary and Ice Cave.

You collected 4105 gold pieces.
You spent 1273 gold pieces at shops.

Inventory:

Hand weapons
 j - the +7,+4 demon trident "Chofizio" (weapon) {venom, rC+}
   (Okawaru gifted it to you on level 1 of the Spider Nest)

   It poisons the flesh of those it strikes.
   It protects you from cold.
 l - a +4,+5 demon whip
 u - a +2,+1 demon trident of flaming
 z - a +2,+2 demon trident
 B - a +8,+2 vampiric demon trident
 C - a +1,+1 demon trident of electrocution
Armour
 d - a +2 pair of gauntlets of strength (worn)
 o - a +1 fire dragon armour
 t - a +0 pair of boots (worn)
 G - the +4 plate armour of Phaob (worn) {rElec rPois Str+3 Acc+4}
   (You found it on level 8 of the Dungeon)

   It affects your strength (+3).
   It affects your accuracy (+4).
   It insulates you from electricity.
   It protects you from poison.
 O - a +0 shield of reflection (worn)
Magical devices
 q - a wand of hasting (0)
 y - a wand of teleportation (6)
 D - a wand of draining (1)
 H - a wand of disintegration (3)
 P - a wand of teleportation (4)
Comestibles
 f - 4 bread rations
 v - 3 meat rations
 S - 4 honeycombs
 T - 2 royal jellies
Scrolls
 b - 3 scrolls of identify
 c - a scroll of teleportation
 k - a scroll of enchant weapon I
 w - 7 scrolls of remove curse
Jewellery
 g - the ring of the Country (right hand) {EV+1 Str+3}
   (You acquired it on level 2 of the Spider Nest)

   [ring of evasion]

   It affects your evasion (+1).
   It affects your strength (+3).
 p - the ring of Robustness {AC+8}
   (You took it off a merfolk javelineer on level 5 of the Shoals)

   [ring of protection]

   It affects your AC (+8).
 r - a +7,+7 ring of slaying (left hand)
 x - an uncursed ring of protection from cold
 K - an uncursed amulet of resist mutation
 Q - an uncursed amulet of clarity
 R - an uncursed amulet of conservation
 U - an uncursed amulet of rage
 Y - an amulet of warding (around neck)
Potions
 a - a potion of invisibility
 e - a potion of resistance
 i - 2 potions of agility
 m - 15 potions of curing
 n - a potion of brilliance
 F - a potion of magic
 I - a potion of might
Books
 s - a manual of Axes


   Skills:
 + Level 12.9 Fighting
 - Level 13.7 Polearms
 - Level 1.7 Throwing
 * Level 17.9 Armour
 - Level 16.2 Dodging
 - Level 4.7 Stealth
 - Level 10.5 Shields
 - Level 10.1 Traps
 - Level 9.5 Spellcasting
 - Level 4.2 Translocations
 + Level 7.3 Evocations


You had 36 spell levels left.
You knew the following spells:

 Your Spells              Type           Power        Failure   Level  Hunger
a - Apportation           Tloc           ##........   21%         1    None


Dungeon Overview and Level Annotations

Branches:
Dungeon (20/27)            Temple (1/1) D:6             Orc (4/4) D:11
    Elf (0/3) Orc:3          Lair (8/8) D:8          Shoals (5/5) Lair:3
 Spider (5/5) Lair:3        Slime (0/6) Lair:7       Vaults (0/5) D:15

Altars:
Ashenzari
Cheibriados
Elyvilon
Fedhas
Kikubaaqudgha
Makhleb
Nemelex Xobeh
Okawaru
Sif Muna
Trog
Vehumet
Xom
Yredelemnul
Zin
the Shining One
Lugonu

Shops:
D:5: [ D:7: [ D:8: %[}[! D:10: + D:15: }}[+= Orc:1: ( Orc:3: ! Orc:4: ?+(/

Annotations
D:4 exclusion: inept feature mimic
D:14 exclusion: ice statue
D:20 Boris, Jory
Lair:1 exclusion: oklob plant
Lair:3 exclusion: oklob plant
Lair:4 exclusion: oklob plant
Shoals:2 exclusion: oklob plant
Shoals:3 exclusion: oklob plant
Shoals:5 Ilsuiw


Innate Abilities, Weirdness & Mutations

You have a pair of large antennae on your head (SInv).
You are completely covered in iridescent scales (AC +8).
You are quite resistant to negative energy.
You are significantly more attuned to the shadows.
You can steal the life force of defeated enemies.
Your mind is acute (Int +2).
Your flesh is cold resistant.
Armour fits poorly on your strangely shaped body.


Message History

* * * LOW HITPOINT WARNING * * *
The water elemental closely misses you.
The water elemental completely misses you.
The water elemental barely misses you. The tentacle barely misses you.
You block the water elemental's attack. You block the water elemental's attack.
You block the water elemental's attack. The water elemental hits you.
* * * LOW HITPOINT WARNING * * *
The water elemental engulfs you in water!
You block the water elemental's attack. The water elemental barely misses you.
With effort, you pull free of the water engulfing you.
You gasp with relief as air once again reaches your lungs.
The water elemental disappears in a puff of smoke!
The merfolk javelineer looks more healthy.
You block the water elemental's attack. The water elemental closely misses you.
You block the water elemental's attack.
The merfolk javelineer hits you with a runed spear.
* * * LOW HITPOINT WARNING * * *
The water elemental hits you!
You die...

≈≈≈ ≈≈≈≈≈≈≈≈≈≈≈≈≈≈%#≈#≈≈≈≈≈##≈≈≈%
≈≈≈≈≈≈≈≈≈≈≈≈≈≈≈≈≈X.)#≈≈≈≈≈##≈≈≈≈≈
≈≈######≈≈≈m≈≈≈≈≈≈[.[######≈≈≈.≈≈
.##≈≈≈≈≈#≈≈(≈(..≈.≈≈≈≈....≈≈≈..≈≈
##≈≈≈≈≈#≈#)≈({....%≈≈...........≈
#≈≈≈#≈≈≈#≈#≈(m§§%...≈≈.(.......≈≈
#≈≈≈≈≈≈≈≈≈#≈§§§§E...)≈#≈#≈...≈≈≈≈
#≈(≈##≈≈≈≈#≈≈§§EEm..≈#≈≈≈#{.≈≈≈≈≈
#≈..≈#≈#≈≈#≈≈≈EE@...#≈≈≈≈≈#..≈≈≈≈
# #).≈≈≈≈≈#≈≈≈≈E≈...≈≈≈≈≈≈≈.≈≈≈≈≈
##≈#...≈≈##≈≈≈≈≈≈≈≈.#≈≈≈≈≈#≈≈≈≈≈≈
.##≈≈≈≈≈##≈≈≈≈≈≈≈≈).≈#≈≈≈#≈..≈≈≈≈
..#######≈≈≈≈≈≈≈≈≈≈≈≈≈#≈#≈...≈≈≈≈
..)....))[)≈≈≈≈≈≈≈≈≈.≈≈≈...≈≈≈≈..
....(.)).≈≈)≈≈≈≈≈≈≈≈≈ ≈......≈...
....([.}[≈≈≈≈≈≈≈≈≈≈ ≈≈...≈≈≈.
.(...[)≈≈≈≈≈≈≈≈≈≈. ≈..≈≈≈.


You could see a merfolk javelineer and 6 water elementals.

Vanquished Creatures
  Margery (Shoals:5)
  A bone dragon (Abyss:2)
  Arachne (Spider:3)
  Frederick (Spider:5)
  A kraken (Shoals:5)
  Polyphemus (Shoals:2)
  Rupert (D:14)
  Agnes (Spider:1)
  Frances (Spider:4)
  Aizul (Shoals:5)
  Donald (Orc:3)
  A tentacled starspawn (Abyss:2)
  Louise (D:15)
  Gastronok (D:8)
  A balrug (Abyss:2)
  4 ghost moths
  The ghost of shugdite the Blocker, a powerful MiFi of Okawaru (D:18)
  An elemental wellspring (D:16)
  Jorgrun (D:20)
  4 emperor scorpions (Spider:5)
  Azrael (D:14)
  4 sirens
  The ghost of Waterpls the Unseen, a powerful HaAs of Nemelex Xobeh (Lab)
  3 dragons
  A minotaur (Lab)
  A great orb of eyes (Abyss:2)
  Fannar (Lair:4)
  2 merfolk aquamancers (Shoals:5)
  4 merfolk javelineers (Shoals:5)
  10 hydras
  14 ravenous item mimics (D:19)
  2 merfolk impalers (Shoals:5)
  3 death yaks (Shoals:2)
  3 orc high priests (Orc:4)
  2 thrashing horrors (Abyss:2)
  8 centaur warriors
  3 catoblepae
  Nergalle (Lair:4)
  2 sun demons (Abyss:2)
  A very ugly thing (D:19)
  4 skeletal warriors (D:13)
  A giant orange brain (Abyss:2)
  6 unseen horrors
  2 ice devils (D:14)
  6 hell knights (Shoals:5)
  A black draconian zombie (Abyss:2)
  Erolcha (D:12)
  11 sea snakes
  2 ice statues (IceCv)
  9 harpies
  7 large abominations (Abyss:2)
  2 lindwurms (Lair:8)
  6 orc knights
  13 hill giants
  2 giant amoebae
  Joseph (D:9)
  11 cyclopes
  7 spiny worms (Lair:8)
  30 wolf spiders
  A necromancer (Shoals:5)
  5 orc sorcerers
  An iron troll skeleton (D:19)
  6 red wasps
  A guardian serpent (D:19)
  5 griffons
  A hydra skeleton (D:15)
  4 black mambas
  A red wasp zombie (D:18)
  2 stone golems
  A fire crab (D:19)
  An elephant slug (Lair:7)
  22 slime creatures
  A guardian serpent skeleton (Abyss:2)
  3 orange demons
  An elephant (D:8)
  8 hellwings
  3 griffon skeletons
  2 yaktaurs
  12 spiny frogs
  7 item mimics (D:19)
  A moth of suppression (Spider:5)
  13 demonic crawlers
  3 komodo dragons
  40 ugly things
  18 mermaids
  A queen bee (D:14)
  6 trolls
  A troll (shapeshifter) (D:17)
  A deep troll zombie (D:19)
  3 polar bears
  Prince Ribbit (D:7)
  9 smoke demons (Abyss:2)
  3 ancient zymes (Abyss:2)
  3 giant leeches (Lair:8)
  2 red devils (Abyss:2)
  23 blink frogs
  20 snapping turtles
  A two-headed ogre (D:17)
  A hydra simulacrum (D:16)
  6 giant fireflies (Lair:8)
  2 grizzly bears
  An air elemental (Abyss:2)
  6 flying skulls (Abyss:2)
  16 water elementals
  A dragon simulacrum (D:17)
  22 jumping spiders
  6 starcursed masses (Abyss:2)
  14 orb spiders
  6 wraiths
  2 shadows (D:18)
  5 basilisks
  27 tarantellas
  5 wyverns
  5 ynoxinuls (Abyss:2)
  A clay golem (D:17)
  26 yaks
  Grum (D:11)
  A fire drake (Lair:4)
  21 hippogriffs
  2 hungry ghosts
  3 fire elementals (D:14)
  43 redbacks
  21 manticores
  14 trapdoor spiders
  4 vampire mosquitoes (D:17)
  4 neqoxecs
  32 merfolk
  13 removed MONS_WAR_DOGs
  A yaktaur zombie (D:18)
  2 boulder beetles
  5 sharks
  A soldier ant (shapeshifter) (D:15)
  Edmund (D:7)
  3 mottled dragons
  3 soldier ants
  6 rock worms
  14 wolves
  A cyclops zombie (D:17)
  4 hell hounds
  13 small abominations
  5 cyclops skeletons
  A wyvern skeleton (D:13)
  A gargoyle (D:19)
  25 ice beasts
  26 orc warriors
  2 yellow wasps (Spider:5)
  2 phantoms
  2 troll zombies (D:13)
  A boulder beetle zombie (D:16)
  A manticore skeleton (D:9)
  8 giant goldfish
  3 boring beetles
  19 centaurs
  A boring beetle (shapeshifter) (D:20)
  2 troll skeletons
  16 crocodiles
  Sigmund (D:4)
  Duvessa (D:6)
  5 ogres
  4 brain worms
  9 giant slugs
  3 big kobolds
  A giant slug simulacrum (D:15)
  A centaur zombie (D:7)
  12 giant frogs
  13 water moccasins
  A komodo dragon simulacrum (D:14)
  7 wargs
  5 agate snails
  Blork the orc (D:7)
  A giant frog skeleton (D:4)
  3 eyes of draining
  A cyclops simulacrum (D:14)
  An eye of draining (shapeshifter) (D:16)
  17 killer bees (D:14)
  10 electric eels
  7 jellyfish
  16 wights
  3 fire bats (Abyss:2)
  A human zombie (Ossuary)
  2 big kobold zombies
  9 crimson imps
  4 goliath beetles
  A mottled dragon zombie (D:13)
  Dowan (D:6)
  21 hounds
  A two-headed ogre simulacrum (D:14)
  A mottled dragon skeleton (D:16)
  26 orc priests
  A quasit (Spider:4)
  21 scorpions
  17 spiders
  11 iguanas
  6 big fish
  2 iron imps
  32 orc wizards
  9 worker ants
  8 porcupines
  21 sheep
  A brain worm simulacrum (D:14)
  A worm zombie (D:6)
  Ijyb (D:4)
  3 boggarts (D:18)
  12 jellies
  Terence (D:2)
  3 mummies (Ossuary)
  A lemure (Abyss:2)
  37 green rats
  6 giant centipedes
  8 gnolls
  6 scorpion zombies (Ossuary)
  11 white imps
  18 adders
  4 giant mites
  An iguana skeleton (D:7)
  21 worms
  21 ufetubi
  A grey rat (D:8)
  A bat skeleton (D:6)
  A bat zombie (D:6)
  11 giant geckos
  2 gnoll zombies (Ossuary)
  171 orcs
  5 giant cockroaches
  14 goblins
  17 hobgoblins
  17 quokkas
  3 ball pythons
  25 bats
  A giant gecko skeleton (D:5)
  A giant newt (D:1)
  3 goblin zombies (Ossuary)
  2 hobgoblin zombies (Ossuary)
  22 jackals
  25 kobolds
  A kobold zombie (Ossuary)
  3 orc zombies
  21 rats
  3 rat zombies (D:5)
  A bush (D:1)
  A fungus (Lair:4)
  2 plants
  5 tentacles
1765 creatures vanquished.

Vanquished Creatures (collateral kills)
  A goblin (D:5)
1 creature vanquished.

Vanquished Creatures (others)
  A wizard (D:9)
  2 orb spiders (Spider:1)
  A trapdoor spider (Spider:1)
  An orc wizard (Orc:4)
  A scorpion (Spider:4)
  A sheep (Shoals:4)
  A giant gecko (D:7)
  2 orcs
  A jackal (Lair:2)
  A giant newt (D:1)
  A giant spore (D:16)
  A goblin (D:7)
  A lurking horror (Abyss:2)
  2 ballistomycetes (D:16)
  A fungus (Lair:7)
  2 plants
  4 starspawn tentacles (Abyss:2)
  22 tentacles
  432 tentacle segments
478 creatures vanquished.

Grand Total: 2244 creatures vanquished

Notes
Turn   | Place    | Note
--------------------------------------------------------------
     0 | D:1      | Czerbonog, the Demonspawn Gladiator, began the quest for the Orb.
     0 | D:1      | Reached XP level 1. HP: 17/17 MP: 0/0
   415 | D:1      | Reached skill level 3 in Polearms
   729 | D:1      | Gained mutation: You are partially covered in iridescent scales (AC +4). [demonic ancestry]
   729 | D:1      | Reached XP level 2. HP: 23/23 MP: 1/1
  1356 | D:2      | Noticed Terence
  1369 | D:2      | Killed Terence
  1369 | D:2      | Gained mutation: You can steal the life force of nearby defeated enemies. [demonic ancestry]
  1369 | D:2      | Reached XP level 3. HP: 10/28 MP: 2/2
  1603 | D:2      | Reached skill level 4 in Polearms
  2383 | D:3      | Gained mutation: You are mostly covered in iridescent scales (AC +6). [demonic ancestry]
  2383 | D:3      | Reached XP level 4. HP: 35/35 MP: 3/3
  2597 | D:3      | Reached skill level 5 in Polearms
  3036 | D:3      | Gained mutation: You are completely covered in iridescent scales (AC +8). [demonic ancestry]
  3036 | D:3      | Reached XP level 5. HP: 40/40 MP: 4/4
  3666 | D:4      | Reached skill level 6 in Polearms
  3666 | D:4      | Reached skill level 1 in Traps
  3666 | D:4      | Gained mutation: You have a pair of small antennae on your head. [demonic ancestry]
  3666 | D:4      | Reached XP level 6. HP: 34/46 MP: 5/5
  3841 | D:4      | Noticed Ijyb
  3859 | D:4      | Killed Ijyb
  3889 | D:4      | the glowing drain was a mimic.
  3976 | D:4      | Noticed Sigmund
  4001 | D:4      | Killed Sigmund
  4226 | D:5      | Entered Level 5 of the Dungeon
  4566 | D:5      | Reached skill level 7 in Polearms
  4566 | D:5      | Gained mutation: You are slightly more attuned to the shadows. [demonic ancestry]
  4566 | D:5      | Reached XP level 7. HP: 23/51 MP: 6/6
  4919 | D:5      | Found Liyrodar's Armour Emporium.
  4931 | D:5      | Found a snail-covered altar of Cheibriados.
  5102 | D:5      | Found a sand-covered staircase.
  5154 | Ossuary  | Entered an ossuary
  5414 | Ossuary  | Reached skill level 8 in Polearms
  5541 | Ossuary  | Reached XP level 8. HP: 58/58 MP: 7/7
  5983 | D:6      | Noticed Dowan
  6006 | D:6      | Killed Dowan
  6092 | D:6      | Noticed Duvessa
  6098 | D:6      | Killed Duvessa
  6192 | D:6      | Reached skill level 9 in Polearms
  6242 | D:6      | Found a basalt altar of Yredelemnul.
  6286 | D:6      | Found a sparkling altar of Nemelex Xobeh.
  6325 | D:6      | Found a staircase to the Ecumenical Temple.
  6339 | Temple   | Entered the Ecumenical Temple
  6385 | Temple   | Became a worshipper of Warmaster Okawaru
  6673 | D:6      | Reached skill level 5 in Dodging
  6800 | D:6      | Reached XP level 9. HP: 40/63 MP: 8/8
  7067 | D:7      | Noticed Blork the orc
  7266 | D:6      | Gained mutation: Your mind is acute (Int +1). [potion of mutation]
  7266 | D:6      | Gained mutation: Your flesh is cold resistant. [potion of mutation]
  7266 | D:6      | Gained mutation: Your mind is acute (Int +2). [potion of mutation]
  7304 | D:7      | Killed Blork the orc
  7320 | D:7      | Noticed Prince Ribbit
  7335 | D:7      | Killed Prince Ribbit
  7337 | D:7      | Acquired Okawaru's first power
  7526 | D:7      | Noticed Edmund
  7537 | D:7      | Killed Edmund
  7537 | D:7      | Reached skill level 10 in Polearms
  7672 | D:7      | Found Muefal's Armour Shop.
  7929 | D:7      | Found a bloodstained altar of Trog.
  8317 | D:7      | Found a radiant altar of Vehumet.
  8322 | D:7      | Found a shimmering altar of Xom.
  8326 | D:7      | Found a white marble altar of Elyvilon.
  8503 | D:8      | Found a bloodstained altar of Trog.
  8529 | D:8      | Found Qenn's Food Boutique.
  8530 | D:8      | Found Shrepn's Armour Shoppe.
  8538 | D:8      | Found Gumuaz's Distillery.
  8613 | D:8      | Found Caxtuf's Gadget Boutique.
  8614 | D:8      | Found Weac's Armour Shop.
  8632 | D:8      | Found a staircase to the Lair.
  8632 | D:8      | Noticed an elephant
  8645 | D:8      | Killed an elephant
  9056 | D:8      | Noticed Gastronok
  9094 | D:8      | Killed Gastronok
  9094 | D:8      | Reached skill level 5 in Fighting
  9094 | D:8      | Reached XP level 10. HP: 40/73 MP: 9/9
  9332 | D:8      | Got a transparent plate armour
  9333 | D:8      | Identified the +4 plate armour of Phaob {rElec rPois Str+3 Acc+4} (You found it on level 8 of the Dungeon)
  9373 | D:8      | Got a crystal great sword
  9374 | D:8      | Identified the cursed -3,+0 great sword of the Eternal Void {venom, Noisy +Blink +Fly rC+ rN+ MR++ SInv} (You found it on level 8 of the Dungeon)
  9433 | D:8      | Reached skill level 1 in Armour
  9531 | D:8      | Found an ancient bone altar of Kikubaaqudgha.
  9532 | D:8      | Found a blossoming altar of Fedhas.
  9559 | D:8      | Found an ancient bone altar of Kikubaaqudgha.
  9650 | Lair:1   | Entered Level 1 of the Lair of Beasts
  9798 | Lair:1   | Reached skill level 5 in Armour
  9815 | Lair:1   | Found a labyrinth entrance.
  9818 | Lab      | Entered a labyrinth
 10097 | Lab      | Noticed Waterpls' ghost (powerful HaAs)
 10127 | Lab      | Killed Waterpls' ghost
 10376 | Lab      | Noticed a minotaur
 10383 | Lab      | Killed a minotaur
 10383 | Lab      | Gained mutation: You are significantly more attuned to the shadows. [demonic ancestry]
 10383 | Lab      | Reached XP level 11. HP: 72/79 MP: 10/10
 10386 | Lab      | Acquired Okawaru's second power
 10389 | Lab      | Got an encrusted crossbow
 10389 | Lab      | Got an ichor-stained battleaxe
 10389 | Lab      | Got an ancient chain mail
 10419 | Lab      | Identified the +4 chain mail of an ossuary {Dex+2 Int+2} (You found it in a labyrinth)
 10439 | Lab      | Identified the battleaxe "Gulu" {pain, rPois Int+2 SInv} (You found it in a labyrinth)
 10440 | Lab      | Identified the crossbow of Liddegg {velocity, SInv} (You found it in a labyrinth)
 10795 | Lair:1   | Upgraded the game from 0.13-a0-1775-g6c024ba to 0.13-a0-1804-g486adc7
 10930 | Lair:1   | Reached skill level 1 in Evocations
 11041 | Lair:1   | Found a blossoming altar of Fedhas.
 11061 | Lair:1   | Noticed an oklob plant
 11745 | Lair:2   | Noticed a five-headed hydra
 11753 | Lair:2   | Killed a ten-headed hydra
 11755 | Lair:2   | Received a gift from Okawaru
 12478 | Lair:3   | Reached skill level 10 in Armour
 12481 | Lair:3   | Reached skill level 5 in Evocations
 12666 | Lair:3   | Found a staircase to the Shoals.
 12984 | Lair:3   | Found a snail-covered altar of Cheibriados.
 13055 | Lair:3   | Found a hole to the Spider Nest.
 13436 | Lair:4   | Reached skill level 11 in Armour
 13444 | Lair:4   | Reached XP level 12. HP: 76/85 MP: 17/20
 13455 | Lair:4   | Received a gift from Okawaru
 13493 | Lair:4   | Noticed Nergalle
 13500 | Lair:4   | Killed Nergalle
 13506 | Lair:4   | Noticed Fannar
 13517 | Lair:4   | Killed Fannar
 14363 | Lair:5   | Noticed a seven-headed hydra
 14378 | Lair:5   | Killed a 17-headed hydra
 14378 | Lair:5   | Reached skill level 5 in Traps
 14479 | Lair:5   | Noticed a seven-headed hydra
 14500 | Lair:5   | Killed a 19-headed hydra
 15051 | Lair:5   | Reached skill level 12 in Armour
 15058 | Lair:5   | Received a gift from Okawaru
 15357 | Lair:6   | Noticed an eight-headed hydra
 15374 | Lair:6   | Killed a 16-headed hydra
 15374 | Lair:6   | Reached skill level 10 in Dodging
 16709 | Lair:7   | Found a staircase to the Slime Pits.
 17184 | Lair:7   | Noticed a catoblepas
 17190 | Lair:7   | Reached XP level 13. HP: 78/91 MP: 13/21
 17202 | Lair:7   | Killed a catoblepas
 17424 | Lair:8   | Entered Level 8 of the Lair of Beasts
 17425 | Lair:8   | Noticed a five-headed hydra
 17438 | Lair:8   | Killed a 13-headed hydra
 17781 | Lair:8   | Noticed a five-headed hydra
 17791 | Lair:8   | Killed a 11-headed hydra
 18167 | Lair:8   | Reached skill level 13 in Armour
 18180 | Lair:8   | Noticed a dragon
 18191 | Lair:8   | Killed a dragon
 19197 | D:9      | Found a bloodstained altar of Trog.
 19360 | D:9      | Noticed Joseph
 19365 | D:9      | Killed Joseph
 19427 | D:10     | Entered Level 10 of the Dungeon
 19557 | D:10     | Found Irae's Book Shop.
 20536 | D:11     | Noticed Grum
 20551 | D:11     | Killed Grum
 20690 | D:11     | Found a staircase to the Orcish Mines.
 20712 | Orc:1    | Entered Level 1 of the Orcish Mines
 21122 | Orc:1    | Found Staunad's Weapon Boutique.
 21471 | D:12     | Upgraded the game from 0.13-a0-1804-g486adc7 to 0.13-a0-2001-g039544c
 21965 | D:12     | Noticed Erolcha
 21977 | D:12     | Killed Erolcha
 22352 | D:13     | Received a gift from Okawaru
 22352 | D:13     | Reached skill level 14 in Dodging
 22352 | D:13     | Gained mutation: You have a pair of antennae on your head. [demonic ancestry]
 22352 | D:13     | Reached XP level 14. HP: 75/98 MP: 20/22
 22388 | D:13     | Got a faintly humming leather armour {god gift}
 22495 | D:13     | Identified the -2 leather armour "Tramarur" {+Inv rPois Dam+1} (Okawaru gifted it to you on level 13 of the Dungeon)
 22633 | D:13     | Found a white marble altar of Elyvilon.
 23160 | D:14     | Entered Level 14 of the Dungeon
 23486 | D:14     | Noticed Azrael
 23503 | D:14     | Killed Azrael
 23809 | D:14     | Reached skill level 15 in Dodging
 24018 | D:14     | Found a frozen archway.
 24065 | IceCv    | Entered an ice cave
 24304 | D:14     | Noticed Rupert
 24319 | D:14     | Killed Rupert
 24737 | D:15     | Entered Level 15 of the Dungeon
 24777 | D:15     | Found Edoral's Jewellery Boutique.
 24783 | D:15     | Bought an uncursed amulet of warding for 225 gold pieces
 24809 | D:15     | Noticed Louise
 24852 | D:15     | Killed Louise
 24852 | D:15     | Reached skill level 15 in Armour
 24891 | D:15     | Paralysed by you for 6 turns
 25218 | D:15     | Found Lagea's Antique Armour Boutique.
 25229 | D:15     | Bought a glowing cap for 100 gold pieces
 25239 | D:15     | Found a staircase to the Vaults.
 25241 | D:15     | Found Punnuist's Book Shop.
 25390 | D:15     | Found Pyohoago's Gadget Shoppe.
 25430 | D:15     | Found Wevemekh's Gadget Shop.
 25768 | D:15     | Noticed a quicksilver dragon
 26473 | Orc:3    | Noticed Donald
 26474 | Orc:3    | Found Fustan's Distillery.
 26484 | Orc:3    | Killed Donald
 26522 | Orc:3    | Bought a potion of might for 37 gold pieces
 26522 | Orc:3    | Bought a potion of heal wounds for 45 gold pieces
 26522 | Orc:3    | Bought a potion of speed for 82 gold pieces
 26655 | Orc:3    | Found a staircase to the Elven Halls.
 26866 | Orc:4    | Entered Level 4 of the Orcish Mines
 27318 | Orc:4    | Found Hautah's Magic Scroll Shop.
 27335 | Orc:4    | Found Guch's Antique Weapon Emporium.
 27342 | Orc:4    | Found Qoefab's Magical Wand Emporium.
 27383 | Orc:4    | Reached skill level 16 in Dodging
 27417 | Orc:4    | Bought a scroll of identify for 28 gold pieces
 27417 | Orc:4    | Bought a scroll of identify for 28 gold pieces
 27468 | Orc:4    | Found Cutougiw's Book Shop.
 27557 | Orc:4    | Bought a scroll of acquirement for 728 gold pieces
 27926 | D:16     | Noticed an elemental wellspring
 27973 | D:16     | Received a gift from Okawaru
 27973 | D:16     | Reached skill level 10 in Traps
 28483 | D:16     | Reached skill level 1 in Stealth
 28483 | D:16     | Reached XP level 15. HP: 103/103 MP: 23/23
 28759 | D:16     | Killed an elemental wellspring
 29914 | Shoals:1 | Entered Level 1 of the Shoals
 30390 | Shoals:2 | Got a twisted broad axe
 30391 | Shoals:2 | Identified the broad axe "Rojeasam" {chop, +Rage +Fly Str+3} (You acquired it on level 2 of the Shoals)
 30454 | Shoals:2 | Noticed Polyphemus
 32216 | Shoals:1 | Cast into the Abyss (merfolk)
 32465 | Abyss:2  | Reached skill level 1 in Shields
 32842 | Abyss:2  | Noticed a bone dragon
 32872 | Abyss:2  | Killed a bone dragon
 32872 | Abyss:2  | Reached skill level 5 in Shields
 33008 | Abyss:2  | Got a crude dagger
 33021 | Abyss:2  | Found a corrupted altar of Lugonu.
 33071 | Abyss:2  | Noticed a lich
 33206 | Abyss:2  | Gained mutation: You can steal the life force of defeated enemies. [demonic ancestry]
 33206 | Abyss:2  | Reached XP level 16. HP: 70/115 MP: 24/24
 33235 | Abyss:2  | Gained mutation: Armour fits poorly on your strangely shaped body. [a neqoxec]
 33390 | Abyss:2  | Noticed a balrug
 33395 | Abyss:2  | Killed a balrug
 33676 | Abyss:2  | Noticed a bone dragon
 33694 | Abyss:2  | Noticed a tentacled starspawn
 33785 | Abyss:2  | Noticed a tentacled starspawn
 33799 | Abyss:2  | Killed a tentacled starspawn
 34230 | Abyss:2  | Found a corrupted altar of Lugonu.
 34288 | Abyss:2  | Found a corrupted altar of Lugonu.
 34410 | Abyss:2  | Noticed a kraken
 34427 | Shoals:1 | Escaped the Abyss
 34731 | Shoals:1 | Upgraded the game from 0.13-a0-2001-g039544c to 0.13-a0-2060-gccfd96d
 38159 | Shoals:4 | Reached skill level 10 in Shields
 39180 | Shoals:5 | Entered Level 5 of the Shoals
 39183 | Shoals:5 | Noticed Aizul
 39200 | Shoals:5 | Killed Aizul
 39383 | Shoals:5 | Noticed Ilsuiw
 40197 | D:16     | Reached skill level 1 in Spellcasting
 41789 | D:18     | Reached skill level 5 in Spellcasting
 41826 | D:18     | Gained mutation: You have a pair of large antennae on your head (SInv). [demonic ancestry]
 41826 | D:18     | Reached XP level 17. HP: 97/123 MP: 25/27
 42278 | D:18     | Noticed shugdite's ghost (powerful MiFi)
 42309 | D:18     | Killed shugdite's ghost
 43324 | D:19     | Reached skill level 10 in Fighting
 43840 | D:20     | Entered Level 20 of the Dungeon
 43840 | D:20     | Noticed Jorgrun
 43869 | D:20     | Killed Jorgrun
 43958 | D:20     | Noticed Jory
 43963 | D:20     | Noticed Boris
 44603 | Lair:1   | Learned a level 1 spell: Apportation
 44994 | Lair:8   | Reached skill level 1 in Translocations
 45495 | Lair:8   | Gained mutation: You resist negative energy. [demonic ancestry]
 45495 | Lair:8   | Reached XP level 18. HP: 134/134 MP: 30/33
 45770 | Spider:1 | Entered Level 1 of the Spider Nest
 45825 | Spider:1 | Noticed Agnes
 45852 | Spider:1 | Killed Agnes
 45852 | Spider:1 | Received a gift from Okawaru
 45854 | Spider:1 | Got a steaming demon trident {god gift}
 45899 | Spider:1 | Identified the demon trident "Chofizio" {god gift, venom, rC+} (Okawaru gifted it to you on level 1 of the Spider Nest)
 46640 | Spider:2 | Got a transparent steel ring
 46642 | Spider:2 | Identified the ring of the Country {EV+1 Str+3} (You acquired it on level 2 of the Spider Nest)
 46762 | Spider:2 | Received a gift from Okawaru
 47407 | Spider:3 | Noticed Arachne
 47429 | Spider:3 | Killed Arachne
 47720 | Spider:4 | Noticed Frances
 47730 | Spider:4 | Killed Frances
 48247 | Spider:5 | Entered Level 5 of the Spider Nest
 48281 | Spider:5 | Received a gift from Okawaru
 49033 | Spider:5 | Noticed Frederick
 49053 | Spider:5 | Killed Frederick
 49160 | Spider:5 | Reached skill level 17 in Armour
 49160 | Spider:5 | Gained mutation: You are quite resistant to negative energy. [demonic ancestry]
 49160 | Spider:5 | Reached XP level 19. HP: 113/144 MP: 1/34
 49273 | Spider:5 | Got a gossamer rune of Zot
 49980 | Lair:1   | Upgraded the game from 0.13-a0-2060-gccfd96d to 0.13-a0-2116-g5cefd36
 50449 | Shoals:2 | Killed Polyphemus
 51195 | Shoals:5 | Noticed Margery
 51214 | Shoals:5 | Killed Margery
 52133 | Shoals:5 | Noticed a kraken
 52874 | Shoals:5 | Got a barnacled rune of Zot
 52886 | Shoals:5 | Killed a kraken
 52919 | Shoals:5 | Noticed a kraken
 52979 | Shoals:5 | HP: 10/219 [drowned]
 52981 | Shoals:5 | HP: 3/219 [water elemental[Ilsuiw] (5)]
 52986 | Shoals:5 | HP: 1/146 [merfolk javelineer/runed spear (6)]
 52986 | Shoals:5 | Mangled by a water elemental

Action                   |  1- 3 |  4- 6 |  7- 9 | 10-12 | 13-15 | 16-18 | 19-21 || total
-------------------------+-------+-------+-------+-------+-------+-------+-------++-------
Melee: Trident           |   257 |   176 |   465 |       |       |       |       ||   898
       Scythe            |       |    63 |    22 |       |       |       |       ||    85
       Halberd           |       |       |    97 |   723 |  1854 |       |       ||  2674
       Demon blade       |       |       |       |       |     3 |       |       ||     3
       Demon trident     |       |       |       |       |   235 |  2300 |   500 ||  3035
Invok: Heroism           |       |       |       |    20 |    71 |    54 |    14 ||   159
       Finesse           |       |       |       |     4 |     9 |     5 |     2 ||    20
 Abil: Evoke Berserk Rag |       |       |       |     1 |     2 |     2 |       ||     5
Evoke: Wand              |       |       |     8 |     2 |    27 |     5 |     5 ||    47
       Miscellaneous     |       |       |       |     1 |       |       |       ||     1
  Use: Scroll            |     8 |     3 |    12 |    12 |    19 |     9 |     4 ||    67
       Potion            |     3 |     2 |     8 |     5 |     7 |    10 |     7 ||    42
 Stab: Sleeping          |       |     1 |    15 |     1 |       |     3 |       ||    20
       Distracted        |       |       |     1 |     1 |     2 |     3 |       ||     7
       Invisible         |       |       |     1 |       |       |       |       ||     1
       Fleeing           |       |       |       |       |       |       |     1 ||     1
       Held in net/web   |       |       |       |       |       |       |     1 ||     1
